 Dungeon Crawl Stone Soup version 0.22-a0-99-g1ac4c55 (webtiles) character file.

83 lemonriz the Insei (level 4, -6/35 HPs)
             Began as a Draconian Transmuter on Jan 25, 2018.
             Mangled by a phantom (9 damage)
             ... on level 3 of the Dungeon.
             The game lasted 00:04:10 (2382 turns).

lemonriz the Insei (Draconian Transmuter)           Turns: 2382, Time: 00:04:12

Health: -6/35      AC:  7    Str: 12    XL:     4   Next: 22%
Magic:  2/7        EV: 12    Int: 14    God:
Gold:   84         SH:  0    Dex: 12    Spells: 1/7 levels left

rFire    . . .     SeeInvis .     - Unarmed
rCold    . . .     Gourm    .   (no shield)
rNeg     . . .     Faith    .   (armour unavailable)
rPois    .         Spirit   .   (helmet restricted)
rElec    .         Reflect  .   (no cloak)
rCorr    .         Harm     .   e - +1 pair of gloves {archery}
MR       .....                  (no boots)
Stlth    +.........             (no amulet)
HPRegen  0.11/turn              (no ring)
MPRegen  0.10/turn              (no ring)

@: appendage (expiring)
A: unfitting armour, horns 2, cold-blooded, AC +5
a: End Transformation


You were on level 3 of the Dungeon.
You were hungry.
You had grown temporary horns.
You visited 1 branch of the dungeon, and saw 3 of its levels.

You collected 84 gold pieces.

Inventory:

Missiles
 a - 82 arrows
Armour
 e - a +1 pair of gloves of archery (worn)
Scrolls
 d - 2 scrolls of teleportation {unknown}
 f - 2 scrolls of enchant weapon {unknown}
 h - a scroll of immolation {unknown}
 i - a scroll of magic mapping {unknown}
 j - 3 scrolls of blinking {unknown}
 l - a scroll of remove curse {unknown}
 p - a scroll of fear {unknown}
Potions
 g - a potion of magic {unknown}
 k - a potion of flight {unknown}
 m - a potion of lignification {unknown}
 n - a potion of ambrosia {unknown}
 o - 2 potions of curing
Books
 b - a book of Changes

   Spells                             Type                      Level
   a - Beastly Appendage              Transmutation                1
   b - Sticks to Snakes               Transmutation                2
   c - Spider Form                    Transmutation/Poison         3
   d - Ice Form                       Ice/Transmutation            4
   e - Blade Hands                    Transmutation                5
Comestibles
 c - 5 rations
 q - a chunk of flesh


   Skills:
 - Level 1.1 Fighting
 - Level 1.7 Dodging
 + Level 4.0 Unarmed Combat
 - Level 2.0 Spellcasting
 + Level 3.2 Transmutations
 + Level 1.3 Poison Magic


You had one spell level left.
You knew the following spells:

 Your Spells              Type           Power        Failure   Level  Hunger
a - Beastly Appendage     Tmut           ##....       6%          1    ##.....
b - Sticks to Snakes      Tmut           ##......     10%         2    ###....
c - Spider Form           Tmut/Pois      #.........   28%         3    ####...


Dungeon Overview and Level Annotations

Branches:
Dungeon (3/15)

Altars:
Qazlal


Innate Abilities, Weirdness & Mutations

Your plain brown scales are hard. (AC +5)
You cannot fit into any form of body armour.
You are cold-blooded and may be slowed by cold attacks.
You have a pair of horns on your head.


Message History

Your ball python misses the phantom. x2
You hit the phantom. Your headbutt misses the phantom.
The phantom is severely damaged.
The phantom completely misses you.
Your ball python barely misses the phantom.
Your ball python completely misses the phantom.
You hit the phantom.
The phantom is almost destroyed.
The phantom hits you but does no damage.
Your ball python barely misses the phantom.
Your ball python closely misses the phantom.
You hit the phantom but do no damage. Your headbutt misses the phantom.
Your tail-slap misses the phantom.
The phantom is almost destroyed.
Your ball python withers and dies!
The phantom blinks!
The phantom hits your ball python!
Your ball python dies!
The phantom hits you!
You die...

#..##......###[##
#..##......#
#..##.###.###
#..##........
###.............
#.....#####.....
#.....# #####
#...[.# #...@.#
#...W.# ###+###
#..... ##.....
......J .......##
.....Z..#
#.....S# #......#


You could see a phantom.

Vanquished Creatures
  An adder (D:2)
  2 worms (D:2)
  3 dart slugs
  2 leopard geckos
  2 ball pythons
  9 bats
  2 giant cockroaches
  5 hobgoblins
  3 jackals (D:2)
  2 quokkas
  3 frilled lizards
  6 goblins
  11 kobolds
  8 rats
59 creatures vanquished.

Notes
Turn   | Place    | Note
-------+----------+-------------------------------------------
     0 | D:1      | lemonriz the Draconian Transmuter began the quest for the Orb.
     0 | D:1      | Reached XP level 1. HP: 16/16 MP: 3/3
   315 | D:1      | Reached XP level 2. HP: 18/23 MP: 5/5
  1047 | D:2      | Reached XP level 3. HP: 28/28 MP: 6/6
  1051 | D:2      | Learned a level 2 spell: Sticks to Snakes
  1055 | D:2      | Learned a level 3 spell: Spider Form
  1511 | D:2      | Reached skill level 1 in Poison Magic
  1840 | D:2      | Reached XP level 4. HP: 32/35 MP: 7/7
  1885 | D:2      | Found a stormy altar of Qazlal.
  2070 | D:2      | Reached skill level 4 in Unarmed Combat
  2344 | D:3      | Noticed a phantom
  2382 | D:3      | Mangled by a phantom

Vault maps used:
D:1:      co_arrival_square_in_a_square_in_a_square, minmay_misc_feat_nine_boxes
D:2:      nicolae_qazlal_eye_of_the_storm
D:3:      hangedman_decor_points, uniq_sigmund

Skill      XL: |  1  2  3  4 |
---------------+-------------+-----
Transmutations | 3 |  3.2
Poison Magic   | 1 |  1.3
Unarmed Combat | 4 |  4.0
Fighting       | |  1.1
Dodging        | |  1.7
Spellcasting   | |  2.0

Action                   |  1- 3 |  4- 6 || total
-------------------------+-------+-------++-------
Melee: Unarmed           |   226 |    61 ||   287
       Tailslap          |    23 |    13 ||    36
       Punch             |     1 |       ||     1
       Kick              |       |     2 ||     2
 Cast: Beastly Appendage |     3 |     2 ||     5
       Spider Form       |     1 |       ||     1
       Sticks to Snakes  |       |     3 ||     3
  Use: Potion            |     1 |       ||     1
  Eat: Chunk             |     3 |     2 ||     5
Armor: Skin              |    80 |    13 ||    93
Dodge: Dodged            |   137 |    29 ||   166

Table legend:
 A = Spawn XP
 B = Non-spawn XP
 C = Spawn XP percentage of total XP
 D = Spawn monster count
 E = Non-spawn monster count
 F = Spawn count percentage of total count
 G = Total turns spent on level
                    A         B        C        D         E        F      G
               +---------+---------+-------+---------+---------+-------+---------
         Total |       0 |     119 |   0.0 |       0 |      59 |   0.0 |  2382
               +---------+---------+-------+---------+---------+-------+---------
           D:1 |       0 |      39 |   0.0 |       0 |      24 |   0.0 |   995
           D:2 |       0 |      74 |   0.0 |       0 |      31 |   0.0 |  1275
           D:3 |       0 |       6 |   0.0 |       0 |       4 |   0.0 |   112
               +---------+---------+-------+---------+---------+-------+---------
